 Dungeon Crawl Stone Soup version 0.17-a0-725-gfa8c127 (webtiles) character file.

5823 Zwobot the Nimble (level 10, -9/45 HPs)
             Began as a Spriggan Wanderer on Apr 20, 2015.
             Was an Initiate of Ru.
             Splashed by an oklob sapling's acid (19 damage)
             ... on level 10 of the Dungeon.
             The game lasted 01:12:59 (13311 turns).

Zwobot the Nimble (Spriggan Wanderer)              Turns: 13311, Time: 01:13:01

Health: -9/45      AC:  7    Str:  8    XL:     10   Next: 51%
Magic:  13/18      EV: 24    Int: 19    God:    Ru [......]
Gold:   747        SH:  0    Dex: 14    Spells: 7 memorised, 2 levels left

rFire  + + .     SeeInvis +     a - +0 short sword (venom)
rCold  + . .     Clarity  .     D - +2 robe {rC+ rF+}
rNeg   . . .     SustAb   .     (shield restricted)
rPois  .         Gourm    .     (helmet restricted)
rElec  .         Spirit   .     I - +0 cloak
rCorr  .         Warding  .     (gloves unavailable)
rMut   +         Stasis   .     (boots unavailable)
MR     +....                    t - amulet of resist mutation
Stlth  ++++......               w - ring of protection from fire
                                Q - +2 ring of protection

@: repel missiles, very quick, somewhat resistant to hostile enchantments,
stealthy
A: unfitting armour, see invisible, herbivore 3, speed 3, slow metabolism 2
a: Renounce Religion


You were on level 10 of the Dungeon.
You worshipped Ru.
Ru was noncommittal.
You were not hungry.

You visited 2 branches of the dungeon, and saw 11 of its levels.

You collected 764 gold pieces.
You spent 17 gold pieces at shops.

Inventory:

Hand weapons
 a - a +0 short sword of venom (weapon)
 b - a +0 blowgun
 e - a +0 dagger
 J - a +2 whip of electrocution
 X - a +0 rapier
Missiles
 u - 8 silver tomahawks
 C - 29 poisoned needles
 L - a throwing net (quivered)
Armour
 p - a +0 buckler
 D - a +2 robe of resistance (worn)
 I - a +0 cloak (worn)
Jewellery
 s - an uncursed ring of teleport control
 t - an amulet of resist mutation (around neck)
 w - a ring of protection from fire (right hand)
 Q - a +2 ring of protection (left hand)
Magical devices
 i - a wand of polymorph (0)
 o - a wand of invisibility (2)
 x - a wand of fire (1)
 y - a wand of polymorph (12)
 G - a wand of lightning (0)
 K - a wand of slowing (26)
 R - a wand of enslavement (4)
Scrolls
 h - 2 scrolls of amnesia
 j - 6 scrolls of remove curse
 m - a scroll of torment {unknown}
 n - a scroll of teleportation
 r - 2 scrolls of recharging
 A - a scroll of summoning {unknown}
 M - a scroll of enchant weapon {unknown}
 N - a scroll of enchant armour
 S - a scroll of fear {unknown}
 U - a scroll of brand weapon {unknown}
 W - a scroll of fog {unknown}
 Y - 2 scrolls of blinking {unknown}
 Z - a scroll of holy word {unknown}
Potions
 d - a potion of haste
 g - a potion of brilliance
 k - 3 potions of heal wounds
 l - a potion of flight {unknown}
 q - 9 potions of poison
 v - 3 potions of curing
 z - 2 potions of invisibility
 E - a potion of cancellation {unknown}
 F - a potion of lignification {unknown}
 H - a potion of ambrosia {unknown}
 P - 2 potions of resistance
Books
 c - Sif Muna's Catalogue of Feathery Aid

   Spells                             Type                      Level
   a - Repel Missiles                 Charms/Air                   2
   b - Swiftness                      Charms/Air                   2
 B - a book of Air

   Spells                             Type                      Level
   a - Shock                          Conjuration/Air              1
   b - Swiftness                      Charms/Air                   2
   c - Repel Missiles                 Charms/Air                   2
   d - Flight                         Charms/Air                   3
   e - Static Discharge               Conjuration/Air              3
   f - Lightning Bolt                 Conjuration/Air              5
 T - a book of Minor Magic

   Spells                             Type                      Level
   a - Magic Dart                     Conjuration                  1
   b - Blink                          Translocation                2
   c - Call Imp                       Summoning                    2
   d - Repel Missiles                 Charms/Air                   2
   e - Slow                           Hexes                        2
   f - Conjure Flame                  Conjuration/Fire             3
   g - Mephitic Cloud                 Conjuration/Poison/Air       3
 V - the Handbook of the Compass

   Spells                             Type                      Level
   a - Apportation                    Translocation                1
   b - Blink                          Translocation                2
Comestibles
 f - 4 bread rations
 O - 16 fruits


   Skills:
 - Level 1.0 Fighting
 - Level 1.6 Short Blades
   Level 2.0 Crossbows
 + Level 10.4 Dodging
 - Level 7.2 Stealth
 - Level 5.0 Spellcasting
 * Level 8.0 Conjurations
 - Level 4.0 Translocations
 + Level 4.4 Air Magic
 - Level 2.0 Poison Magic
 - Level 6.1 Evocations


You had 2 spell levels left.
You knew the following spells:

 Your Spells              Type           Power        Failure   Level  Hunger
a - Magic Dart            Conj           ####         1%          1    None
b - Blink                 Tloc           N/A          4%          2    #......
c - Repel Missiles        Chrm/Air       ##....       10%         2    #......
d - Mephitic Cloud        Conj/Pois/Air  ###.....     6%          3    ##.....
e - Apportation           Tloc           ###.......   2%          1    None
f - Conjure Flame         Conj/Fire      ###.....     10%         3    ##.....
g - Lightning Bolt        Conj/Air       ####......   34%         5    ######.


Dungeon Overview and Level Annotations

Branches:
Dungeon (10/15)            Temple (1/1) D:7
   Lair: D:8-11         Orc: D:9-12

Altars:
Ashenzari
Cheibriados
Dithmenos
Elyvilon
Fedhas
Gozag
Kikubaaqudgha
Makhleb
Nemelex Xobeh
Okawaru
Qazlal
Ru
Sif Muna
Trog
Vehumet
Xom
Yredelemnul
Zin
The Shining One

Shops:
D:5 [

Portals:
Trove: D:10 (give horn of Geryon)

Annotations:
D:3 Jessica
D:6 Fluffy's ghost, experienced HuFi
D:10 exclusion: 2 oklob saplings


Innate Abilities, Weirdness & Mutations

You are tiny and cannot use many weapons and most armour.
You have supernaturally acute eyesight.
You are a herbivore.
You cover ground extremely quickly.
You need consume almost no food.


Message History

Here: an oklob sapling (resting) 2 fruits.
The floor.
Casting: Apportation
Confirm with . or Enter, or press ? or * to list all spells.
Aiming: Apportation
Press: ? - help Apport: 2 fruits Yoink!
You pull the items towards yourself.
The wandering mushroom closely misses you.
The oklob sapling spits acid at you. The splash of acid hits you!
The acid burns!
O - 16 fruits (gained 2)
The wandering mushroom releases spores at you!
You are engulfed in a cloud of spores!
The oklob sapling spits acid at you. The splash of acid hits you!
* * * LOW HITPOINT WARNING * * *
The acid burns!
You die...

#..........
#..........
#..........
#..##.##..# ♣♣♣
♣..##+##..#
♣♣.♣♣♣♣.#....... ♣
♣♣.♣.♣♣..'.......
♣P♣♣.♣.♣♣.♣.##.....#
♣..@f♣♣.♣.♣###.....#
♣f_.♣♣♣.♣.♣ #.......
♣♣f.P ♣.♣.♣ ##.##..#
♣♣♣♣♣♣♣.♣♣ #######
♣♣♣


You could see 3 wandering mushrooms and 2 oklob saplings.

Vanquished Creatures
  Pikel (D:6)
  Joseph (D:10)
  A wandering mushroom (D:10)
  5 yaks (D:8)
  A hippogriff (D:8)
  2 water moccasins
  Duvessa (D:7)
  3 giant frogs
  2 orc warriors
  A phantom (D:8)
  A sky beast (D:7)
  3 slaves (D:6)
  5 ogres
  3 ice beasts
  4 centaurs
  A big kobold (D:7)
  A wyvern zombie (D:7)
  Dowan (D:7)
  A wyvern skeleton (D:8)
  3 scorpions
  7 killer bees
  3 crimson imps
  3 jellies
  A giant frog zombie (D:5)
  2 gnoll shamans (D:7)
  2 hounds (D:8)
  2 giant frog skeletons
  An orc priest (D:10)
  Ijyb (D:2)
  2 centaur skeletons
  Natasha (D:3)
  2 iguanas
  7 worker ants
  5 orc wizards
  A hound zombie (D:8)
  3 hound skeletons
  9 gnolls
  12 adders
  A shadow imp (D:9)
  4 oozes
  5 giant geckos
  27 orcs
  A bat skeleton (D:4)
  A bat zombie (D:6)
  A giant cockroach (D:1)
  16 hobgoblins
  10 jackals
  4 quokkas
  2 ball pythons
  11 bats
  A giant cockroach zombie (D:5)
  A giant newt (D:4)
  15 goblins
  24 kobolds
  11 rats
240 creatures vanquished.

Vanquished Creatures (collateral kills)
  A big kobold (D:9)
  2 killer bees (D:10)
  3 orcs (D:10)
  A kobold (D:9)
7 creatures vanquished.

Vanquished Creatures (others)
  A slave (D:6)
  3 killer bees
4 creatures vanquished.

Grand Total: 251 creatures vanquished

Notes
Turn   | Place    | Note
--------------------------------------------------------------
     0 | D:1      | Zwobot, the Spriggan Wanderer, began the quest for the Orb.
     0 | D:1      | Zwobot set off with: a book of Minor Magic, the Handbook of the Compass, Sif Muna's Catalogue of Feathery Aid, a +0 robe, a +0 dagger, a bread ration
     0 | D:1      | Reached XP level 1. HP: 10/10 MP: 5/5
     0 | D:1      | Identified the Handbook of the Compass
     0 | D:1      | Identified Sif Muna's Catalogue of Feathery Aid
     2 | D:1      | Learned a level 1 spell: Magic Dart
   445 | D:1      | Reached skill level 1 in Conjurations
   487 | D:1      | Reached XP level 2. HP: 14/14 MP: 0/6
   559 | D:1      | Learned a level 2 spell: Blink
   562 | D:1      | Learned a level 2 spell: Repel Missiles
  1192 | D:1      | Reached XP level 3. HP: 18/18 MP: 5/8
  1213 | D:2      | Reached skill level 3 in Spellcasting
  1218 | D:2      | Learned a level 3 spell: Mephitic Cloud
  1426 | D:2      | Noticed Ijyb
  1501 | D:2      | Killed Ijyb
  1501 | D:2      | Reached XP level 4. HP: 12/22 MP: 3/9
  2301 | D:2      | Reached skill level 1 in Dodging
  2346 | D:3      | Noticed Natasha
  2449 | D:3      | Noticed Jessica
  2786 | D:4      | Learned a level 1 spell: Apportation
  3080 | D:4      | Reached skill level 1 in Short Blades
  3080 | D:4      | Reached XP level 5. HP: 10/25 MP: 0/11
  4149 | D:3      | Reached XP level 6. HP: 18/30 MP: 6/12
  4468 | D:3      | Killed Natasha
  4597 | D:5      | Entered Level 5 of the Dungeon
  4688 | D:5      | Found Ihitu's Antique Armour Shoppe.
  4700 | D:5      | Reached skill level 4 in Dodging
  4709 | D:5      | Bought a glowing robe for 17 gold pieces
  4955 | D:5      | Reached skill level 5 in Dodging
  5383 | D:5      | Reached XP level 7. HP: 33/33 MP: 7/13
  5430 | D:5      | Found a snail-covered altar of Cheibriados.
  6057 | D:6      | Noticed Fluffy's ghost (experienced HuFi)
  6464 | D:5      | Reached skill level 6 in Dodging
  6511 | D:6      | Noticed Pikel
  7084 | D:6      | Reached skill level 5 in Conjurations
  7086 | D:6      | Killed Pikel
  7086 | D:6      | Reached skill level 7 in Dodging
  7086 | D:6      | Reached XP level 8. HP: 17/37 MP: 10/14
  7556 | D:6      | Reached skill level 1 in Poison Magic
  7582 | D:6      | Reached skill level 5 in Stealth
  7871 | D:7      | Noticed Duvessa
  7922 | D:7      | Killed Duvessa
  7937 | D:7      | Noticed Dowan
  8005 | D:7      | Killed Dowan
  8043 | D:7      | Reached skill level 8 in Dodging
  8043 | D:7      | Reached XP level 9. HP: 39/41 MP: 8/16
  8266 | D:7      | Reached skill level 5 in Evocations
  8291 | D:7      | Found a staircase to the Ecumenical Temple.
  8379 | Temple   | Entered the Ecumenical Temple
 10238 | D:8      | Reached skill level 5 in Spellcasting
 10327 | D:8      | Reached skill level 1 in Translocations
 10635 | D:8      | Reached skill level 9 in Dodging
 10640 | D:8      | Learned a level 3 spell: Conjure Flame
 10646 | D:8      | Learned a level 5 spell: Lightning Bolt
 10864 | D:8      | Reached XP level 10. HP: 41/45 MP: 8/18
 11657 | D:9      | Found an opulent altar of Gozag.
 11657 | D:9      | Found a glowing silver altar of Zin.
 11659 | D:9      | Found a sparkling altar of Nemelex Xobeh.
 11665 | D:9      | Found a radiant altar of Vehumet.
 11669 | D:9      | Found a sacrificial altar of Ru.
 11672 | D:9      | Found a shattered altar of Ashenzari.
 11673 | D:9      | Found an iron altar of Okawaru.
 11674 | D:9      | Found a blossoming altar of Fedhas.
 11675 | D:9      | Found a snail-covered altar of Cheibriados.
 11680 | D:9      | Became a worshipper of Ru the Awakened
 11727 | D:10     | Entered Level 10 of the Dungeon
 12096 | D:10     | Reached skill level 10 in Dodging
 12144 | D:10     | Found a portal to a secret trove of treasure.
 12227 | D:10     | Noticed Joseph
 12405 | D:10     | Killed Joseph
 13198 | D:10     | Found a blossoming altar of Fedhas.
 13311 | D:10     | Splashed by an oklob sapling's acid

Action                   |  1- 3 |  4- 6 |  7- 9 | 10-12 || total
-------------------------+-------+-------+-------+-------++-------
Melee: Dagger            |    62 |   124 |   148 |     7 ||   341
       Unarmed           |     8 |       |       |       ||     8
       Short sword       |       |       |   150 |   131 ||   281
       Whip              |       |       |     9 |       ||     9
Throw: Tomahawk          |       |    21 |    11 |       ||    32
       Throwing net      |       |       |       |     3 ||     3
 Cast: Magic Dart        |    78 |   221 |   266 |    91 ||   656
       Apportation       |       |     4 |     1 |     6 ||    11
       Mephitic Cloud    |       |       |    21 |     9 ||    30
       Blink             |       |       |     5 |       ||     5
       Repel Missiles    |       |       |     1 |       ||     1
       Conjure Flame     |       |       |     3 |       ||     3
Evoke: Wand              |       |     1 |    15 |     4 ||    20
  Use: Scroll            |     5 |     5 |    10 |     3 ||    23
       Potion            |       |       |     1 |     3 ||     4
 Stab: Sleeping          |     1 |     1 |     5 |     5 ||    12
       Confused          |       |       |    11 |     5 ||    16
       Invisible         |       |       |       |     3 ||     3
       Held in net/web   |       |       |       |     1 ||     1
  Eat: Fruit             |       |     2 |     2 |       ||     4
       Bread ration      |       |       |     1 |       ||     1
       Royal jelly       |       |       |       |     1 ||     1
       Pizza             |       |       |       |     1 ||     1
